 Dungeon Crawl Stone Soup version 0.27-a0-216-g1fbed8a51c (webtiles) character file.

Game seed: 15871673344420515007

32 dolemite99 the Chopper (level 3, -1/36 HPs)
             Began as a Hill Orc Monk on Feb 1, 2021.
             Was a Believer of Yredelemnul.
             Slain by Sigmund
             ... wielding a +0 scythe
              (9 damage)
             ... on level 2 of the Dungeon.
             The game lasted 00:02:03 (973 turns).

dolemite99 the Chopper (Hill Orc Monk)               Turns: 973, Time: 00:02:04

Health: -1/36      AC: 10    Str: 14    XL:     3   Next: 27%
Magic:  3/3        EV:  4    Int: 10    God:    Yredelemnul [**....]
Gold:   60         SH:  0    Dex: 13    Spells: 2/2 levels left

rFire    . . .     SeeInvis .   a - +0 hand axe
rCold    . . .     Faith    .   (no shield)
rNeg     . . .     Spirit   .   f - +0 plate armour
rPois    .         Reflect  .   (no helmet)
rElec    .         Harm     .   (no cloak)
rCorr    .         Rampage  .   (no gloves)
Will     .....                  (no boots)
Stlth    ..........             (no amulet)
HPRegen  0.12/turn              (no ring)
MPRegen  0.08/turn              (no ring)

@: no status effects
A: robust 1, subdued magic 1
a: Renounce Religion, Animate Remains, Recall Undead Slaves, Injury Mirror


You were on level 2 of the Dungeon.
You worshipped Yredelemnul.
Yredelemnul was pleased with you.
You visited 1 branch of the dungeon, and saw 2 of its levels.

You collected 60 gold pieces.

Inventory:

Hand Weapons
 a - a +0 hand axe (weapon)
Missiles
 d - 12 bolts
 g - 89 stones (quivered)
Armour
 b - a +0 robe
 f - a +0 plate armour (worn)
Scrolls
 e - 2 scrolls of identify {@r1}
Potions
 c - a potion of mutation


   Skills:
 - Level 3.8 Fighting
 + Level 5.2 Axes
 - Level 2.5 Dodging
 - Level 1.8 Stealth


You had 2 spell levels left.
You didn't know any spells.
Your spell library was empty.

Dungeon Overview and Level Annotations

Branches:
Dungeon (2/15)

Altars:
Yredelemnul

Annotations:
D:2 Sigmund


Innate Abilities, Weirdness & Mutations

You are robust. (+10% HP)
Your spells are a little easier to cast, but a little less powerful.


Message History

The kobold hits you but does no damage.
You hit the kobold but do no damage. The kobold hits you but does no damage.
Something hits you. The kobold hits you.
You completely miss the kobold. Something hits you but does no damage.
The kobold hits you but does no damage.
You hit the kobold.
The kobold is moderately wounded.
The kobold hits you but does no damage.
You hit the kobold.
You kill the kobold!
Yredelemnul accepts your kill.
A magic dart appears from out of thin air!
The magic dart hits you.
* * * LOW HITPOINT WARNING * * *
Something completely misses you.
You barely miss something. Something hits you but does no damage.
You closely miss something. You hit something. Something hits you!
You die...
Your body rises from the dead as a mindless zombie.

#.# #.### ## #... .#
#..### ### .# #....#
#.# .# #..#.###.#
.###..#...#.#
......#.....###########
...#...[......g{@.....#
...#....#...###########
...#........#
...#....#...#
.###....#...# .#
#....#...# ## ....#...#
## #... 8#


You could see a goblin.

Vanquished Creatures
  2 oozes (D:1)
  A dart slug (D:1)
  3 giant cockroaches (D:1)
  2 goblins (D:1)
  2 hobgoblins (D:1)
  3 bats (D:1)
  3 frilled lizards (D:1)
  5 kobolds
  A rat (D:1)
22 creatures vanquished.

Notes
Turn   | Place    | Note
-------+----------+-------------------------------------------
     0 | D:1      | dolemite99 the Hill Orc Monk began the quest for the Orb.
     0 | D:1      | Reached XP level 1. HP: 19/19 MP: 1/1
    35 | D:1      | Reached XP level 2. HP: 21/27 MP: 2/2
   584 | D:1      | Reached XP level 3. HP: 33/33 MP: 3/3
   634 | D:1      | Reached skill level 5 in Axes
   884 | D:2      | Noticed Sigmund
   911 | D:2      | Found a basalt altar of Yredelemnul.
   919 | D:2      | Became a worshipper of Yredelemnul the Dark
   919 | D:2      | Reached * piety under Yredelemnul
   919 | D:2      | Reached ** piety under Yredelemnul
   928 | D:2      | Gained mutation: Your spells are a little easier to cast,
                  | but a little less powerful. [potion of mutation]
   928 | D:2      | Gained mutation: You have a pair of small horns on your
                  | head. [potion of mutation]
   928 | D:2      | Lost mutation: You have a pair of small horns on your head.
                  | [potion of mutation]
   928 | D:2      | Gained mutation: You are robust. (+10% HP) [potion of
                  | mutation]
   973 | D:2      | Slain by Sigmund

Illustrated notes

Levels and vault maps discovered:
D:1:      nzn_arrival_water_spiral, layout_loops_ring
D:2:      layout_basic, lemuel_round_altar, lemuel_crystal_altar,
          lemuel_coloured_pillars_altar, nemelex_xobeh_ov_fountains_minmay,
          chequers_serial_rivers_micro_c, dk_noncrumbling_2,
          due_unseen_surprise, uniq_natasha, uniq_sigmund

Skill      XL: |  1  2  3 |
---------------+----------+-----
Axes           | 5 |  5.2
Fighting       | |  3.8
Dodging        | |  2.5
Stealth        | |  1.8

Action                   || total
-------------------------++-------
Melee: Hand axe          ||    65
Throw: Stone             ||     4
  Use: Scroll            ||     2
       Potion            ||     1
 Stab: Sleeping          ||     2
Armor: Robe              ||     6
       Plate armour      ||    32
Dodge: Dodged            ||    20

Table legend: (Time is in decaauts)
 A = Elapsed time spent in this place.
 B = Non-inter-level travel time spent in this place.
 C = Inter-level travel time spent in this place.
 D = Time resting spent in this place.
 E = Time spent auto-exploring this place.
 F = Levels seen in this place.
 G = Mean time per level.
                   A        B        C        D        E       F      G
               +--------+--------+--------+--------+--------+-----+--------+
         Total |    977 |    968 |      9 |     57 |    625 |   2 |  488.5 |
       Dungeon |    977 |    968 |      9 |     57 |    625 |   2 |  488.5 |
               +--------+--------+--------+--------+--------+-----+--------+

Top non-repeatable levels by time:
     D:1: 848 daAuts
     D:2: 129 daAuts
